 Dungeon Crawl Stone Soup version 0.22-a0-580-gd5db89c (webtiles) character file.

68170 Amnesiac the Fetichist (level 14, -17/70 HPs)
             Began as a Spriggan Wanderer on July 3, 2018.
             Was an Initiate of Gozag.
             Hit by a large rock thrown by a stone giant (34 damage)
             ... on level 1 of the Depths.
             The game lasted 01:12:01 (26135 turns).

Amnesiac the Fetichist (Spriggan Wanderer)         Turns: 26135, Time: 01:12:02

Health: -17/70     AC:  5    Str: 15    XL:     14   Next: 37%
Magic:  30/31      EV: 26    Int: 14    God:    Gozag
Gold:   9651       SH:  0    Dex: 13    Spells: 23/37 levels left

rFire    + . .     SeeInvis +   a - +0 dagger (holy)
rCold    . . .     Gourm    .   (shield restricted)
rNeg     . . .     Faith    .   n - +2 robe {MR+}
rPois    .         Spirit   .   A - +1 hat "Dokefes" {MR- Regen+ Slay+2}
rElec    .         Reflect  .   (no cloak)
rCorr    .         Harm     .   (gloves unavailable)
MR       ++...                  (boots unavailable)
Stlth    ++++......             (no amulet)
HPRegen  0.61/turn              S - ring of protection from cold
MPRegen  0.22/turn              U - ring of fire

@: very quick
A: very small, unfitting armour, see invisible, herbivore, speed 3, slow
metabolism 2
}: 1/15 runes: abyssal
a: Potion Petition, Call Merchant, Bribe Branch, Renounce Religion


You were on level 1 of the Depths.
You worshipped Gozag.
Gozag was greatly pleased with you.
You were full.

You visited 4 branches of the dungeon, and saw 19 of its levels.
You visited the Abyss 1 time.
You also visited: Bailey.

You collected 10664 gold pieces.
You spent 122 gold pieces at shops.
You paid 891 gold pieces to Gozag.

Inventory:

Hand Weapons
 a - a +0 dagger of holy wrath (weapon)
 b - a +0 blowgun
 q - a +2 dagger of draining
Missiles
 k - 530 arrows
 l - 3 throwing nets (quivered)
 o - 7 silver tomahawks
 v - 33 poisoned needles
 C - 7 needles of confusion
 D - 2 curare-tipped needles
 E - 42 tomahawks of returning
 Q - 2 steel tomahawks
 W - 22 tomahawks
Armour
 n - a +2 robe of magic resistance (worn)
 A - the +1 hat "Dokefes" (worn) {MR- Regen+ Slay+2}
   (You found it on level 4 of the Dungeon)

   It affects your accuracy and damage with ranged weapons and melee attacks
   (+2).
   It affects your resistance to hostile enchantments.
   It increases your rate of regeneration.
Jewellery
 i - an uncursed ring of teleportation
 x - an uncursed ring of protection from magic
 O - a +4 ring of dexterity
 S - a ring of protection from cold (left hand)
 U - a ring of fire (right hand)
 V - an uncursed ring of flight
Wands
 d - a wand of acid (4)
 h - a wand of iceblast (8)
 t - a wand of scattershot (6)
 u - a wand of flame (84)
 J - a wand of random effects (8)
 L - a wand of digging (23)
Scrolls
 e - 7 scrolls of enchant armour {!r}
 j - a scroll of amnesia {!r}
 m - a scroll of identify {!r}
 p - 6 scrolls of teleportation {!r}
 r - 2 scrolls of magic mapping {!r}
 w - 3 scrolls of vulnerability {!r, unknown}
 y - 4 scrolls of fog {!r}
 H - 8 scrolls of remove curse {!r}
 K - 2 scrolls of summoning {!r}
 N - 3 scrolls of torment {!r}
 P - a scroll of fear {!r}
Potions
 c - 2 potions of lignification {!q}
 g - 4 potions of curing {!q}
 s - 2 potions of brilliance {!q}
 F - a potion of cancellation {!q}
 G - a potion of mutation {!q}
 R - 2 potions of might {!q}
 T - a potion of magic {!q}
Miscellaneous
 I - a phial of floods
 X - 2 boxes of beasts
 Z - a fan of gales
Comestibles
 f - 18 rations


   Skills:
 - Level 6.0 Fighting
 - Level 10.0 Short Blades
   Level 2.0 Bows
   Level 2.0 Crossbows
 - Level 10.1 Throwing
 - Level 12.1 Dodging
 - Level 10.0 Stealth
 - Level 12.0 Spellcasting
 + Level 0.6 Translocations
 * Level 17.9 Evocations


You had 23 spell levels left.
You knew the following spells:

 Your Spells              Type           Power        Failure   Level  Hunger
a - Call Imp              Summ           #.......     13%         2    None
b - Passwall              Tmut/Erth      #.......     13%         2    None
c - Apportation           Tloc           ##....       6%          1    None
e - Mephitic Cloud        Conj/Pois/Air  #.......     26%         3    None
s - Conjure Flame         Conj/Fire      ##......     26%         3    None
v - Blink                 Tloc           N/A          10%         2    None
z - Confusing Touch       Hex            #.....       9%          1    None

Your spell library contained the following spells:

 Spells                   Type           Power        Failure   Level  Hunger
 Magic Dart               Conj           #...         9%          1    None
 Bolt of Cold             Conj/Ice       #.........   100%        6    ######.
 Lightning Bolt           Conj/Air       #.........   93%         5    #####..
 Slow                     Hex            #.......     13%         2    None
 Confuse                  Hex            #.......     26%         3    None
 Freezing Cloud           Conj/Ice/Air   #.........   100%        6    ######.
 Summon Small Mammal      Summ           #...         9%          1    None
 Animate Skeleton         Necr           N/A          9%          1    None
 Ozocubu's Refrigeration  Ice            #.........   100%        6    ######.
 Stone Arrow              Conj/Erth      #.....       26%         3    None
 Shock                    Conj/Air       #...         9%          1    None
 Swiftness                Chrm/Air       #.......     13%         2    None
 Ice Form                 Ice/Tmut       #.......     63%         4    ###....
 Airstrike                Air            #.........   63%         4    ###....
 Shadow Creatures         Summ           N/A          100%        6    ######.
 Ensorcelled Hibernation  Hex/Ice        #.....       13%         2    None
 Metabolic Englaciation   Hex/Ice        #.........   93%         5    #####..
 Silence                  Hex/Air        #.........   93%         5    #####..
 Static Discharge         Conj/Air       #.......     26%         3    None
 Lee's Rapid Deconstruct  Erth           #.........   93%         5    #####..
 Sandblast                Erth           #.....       9%          1    None
 Simulacrum               Ice/Necr       #.........   100%        6    ######.
 Petrify                  Tmut/Erth      #.......     63%         4    ###....
 Darkness                 Hex            #.........   100%        6    ######.
 Gell's Gravitas          Tloc           ##........   19%         3    None
 Yara's Violent Unravell  Hex/Tmut       #.........   93%         5    #####..
 Borgnjor's Vile Clutch   Necr/Erth      #.........   93%         5    #####..


Dungeon Overview and Level Annotations

Branches:
Dungeon (15/15)            Temple (1/1) D:6            Lair (0/6) D:9
    Orc (2/2) D:11            Elf (0/3) Orc:2        Vaults (0/5) D:14
 Depths (1/5) D:15

Altars:
Ashenzari
Cheibriados
Dithmenos
Elyvilon
Fedhas
Gozag
Hepliaklqana
Kikubaaqudgha
Makhleb
Nemelex Xobeh
Okawaru
Qazlal
Ru
Sif Muna
Trog
Uskayaw
Vehumet
Wu Jian
Xom
Yredelemnul
Zin
The Shining One
Beogh

Shops:
D:5 *   D:6 [   D:8 :   D:9 *   D:15 *?   Orc:2 ([*!

Portals:
Abyss: Depths:1

Annotations:
D:8 Grum


Innate Abilities, Weirdness & Mutations

You are very small and have problems with some larger weapons.
You are too small for most types of armour.
You have supernaturally acute eyesight. (SInv)
You are a herbivore.
You cover ground extremely quickly.
You need to consume almost no food.


Message History

Unknown command.
Casting: Confusing Touch (safe; 9% risk of failure)
Confirm with . or Enter, or press ? or * to list all spells.
Your hands begin to glow red.
The small abomination hits you.
Wield which item (- for none, * to show all)? (? for menu, Esc to quit)
Your +0 dagger of holy wrath stops glowing.
You are now empty-handed.
The small abomination hits you!
Really attack barehanded?
You hit the small abomination but do no damage.
The small abomination completely misses you.
Unknown command.
You hit the small abomination but do no damage.
The small abomination appears confused.
Wield which item (- for none, * to show all)? (? for menu, Esc to quit)
Your +0 dagger of holy wrath softly glows with a divine radiance!
a - a +0 dagger of holy wrath (weapon)
No target in view!
The small abomination completely misses you.
You hit the small abomination.
The small abomination convulses.
The small abomination is lightly damaged.
You strike the helpless small abomination from behind!
You impale the small abomination!!
You destroy the small abomination!
You now have 9641 gold pieces (gained 14).
Casting: Confusing Touch (safe; 9% risk of failure)
Confirm with . or Enter, or press ? or * to list all spells.
Your hands begin to glow red.
Wield which item (- for none, * to show all)? (? for menu, Esc to quit)
Your +0 dagger of holy wrath stops glowing.
You are now empty-handed.
Really attack barehanded?
The large abomination closely misses you.
Unknown command.
You hit the large abomination but do no damage.
The large abomination appears confused.
The large abomination misses you.
Wield which item (- for none, * to show all)? (? for menu, Esc to quit)
Your +0 dagger of holy wrath softly glows with a divine radiance!
a - a +0 dagger of holy wrath (weapon)
You strike the helpless large abomination from behind!
You impale the large abomination!!
The large abomination convulses!!
You destroy the large abomination!
A wretched star and a large abomination come into view.
You see here 10 gold pieces.
Unknown command.
Casting: Confusing Touch (safe; 9% risk of failure)
Confirm with . or Enter, or press ? or * to list all spells.
Okay, then.
Casting: Confusing Touch (safe; 9% risk of failure)
Confirm with . or Enter, or press ? or * to list all spells.
Okay, then.
A shadow wraith comes into view.
You now have 9651 gold pieces (gained 10).
Your magical contamination has completely faded away.
An apocalypse crab comes into view.
Found a gateway leading out of the Abyss.
There is a gateway leading out of the Abyss here.
You pass through the gate.
Welcome back to the Depths!
The stone giant throws a large rock.
The large rock hits you!!!
Ouch! That really hurt!
* * * LOW HITPOINT WARNING * * *
The stone giant throws a large rock.
The large rock hits you!!
You die...
Your body crumbles into a pile of gold.

$ # .........# #...
#. ........!# #... #.
#.....# #...
####'#####.....# #..(
#.....($.#...($######
#......#.#.G.....(.(.
#..###.#.#......#####
#..#8#.#yC......≈## #
####@(C###......≈≈#
#8#.'.C..#≈≈.≈≈#
###.####.≈≈§.≈≈# ..#
#.≈.§.§≈# ##.#
##≈≈.§§§# #).
§.§.§≈≈# ###
#≈§§§≈§.. #§§≈§§≈.C
≈≈≈≈≈≈.


You could see 2 stone giants.

Vanquished Creatures
  2 stone giants (Depths:1)
  2 great orbs of eyes (Depths:1)
  2 fire dragons (D:15)
  A rakshasa (Depths:1)
  4 vault guards
  Erica (Orc:1)
  4 centaur warriors
  2 two-headed ogres
  A thrashing horror (Abyss:3)
  3 orc high priests (Orc:2)
  3 large abominations
  A fire crab (shapeshifter) (D:15)
  2 unseen horrors
  2 deep elf archers (D:14)
  A wizard (D:14)
  4 orc sorcerers
  A deep elf mage (D:14)
  11 orc knights
  12 ugly things
  2 cyclopes
  An elephant (D:9)
  2 gargoyles
  A smoke demon (Abyss:3)
  2 kobold demonologists
  2 ancient zymes
  2 trolls
  3 hornets
  8 slime creatures
  5 hippogriffs
  A meliai zombie (D:12)
  3 wraiths
  13 yaks
  2 humans (D:7)
  A basilisk (D:9)
  A wyvern (D:15)
  3 hungry ghosts
  8 vampire mosquitoes
  2 chaos spawn
  Menkaure (D:6)
  An acid dragon (D:14)
  3 wargs
  Edmund (D:4)
  A water moccasin (D:9)
  2 sky beasts
  3 black bears
  3 ice beasts
  26 orc warriors
  5 phantoms
  An eye of draining (D:14)
  13 ogres
  A wolf (D:7)
  15 centaurs
  4 big kobolds
  A crocodile (D:9)
  8 bullfrogs
  A gnoll sergeant (D:11)
  5 scorpions
  2 small abominations
  13 wights
  A manticore simulacrum (Abyss:2)
  13 killer bees
  3 electric eels (D:3)
  2 howler monkeys (D:7)
  9 crimson imps
  4 centaur zombies
  A bullfrog zombie (D:11)
  A jelly (D:13)
  A bullfrog skeleton (D:5)
  A gnoll shaman (D:9)
  16 orc priests
  5 centaur skeletons
  5 hounds
  24 orc wizards
  An iron imp (D:8)
  3 iguanas
  10 worker ants
  A hound zombie (D:6)
  2 hound skeletons
  3 worker ant zombies
  2 howler monkey skeletons
  20 gnolls
  7 adders
  3 shadow imps
  A white imp (Abyss:3)
  An ooze (D:3)
  2 adder zombies
  An adder skeleton (D:4)
  4 worms
  A dart slug (D:4)
  3 leopard geckos
  89 orcs
  8 bats
  3 giant cockroaches
  11 goblins
  4 hobgoblins
  11 jackals
  3 quokkas
  3 frilled lizards
  A jackal skeleton (D:4)
  A jackal zombie (D:7)
  29 kobolds
  2 leopard gecko skeletons
  10 rats
557 creatures vanquished.

Vanquished Creatures (collateral kills)
  A centaur warrior (Depths:1)
  A wizard (D:15)
  A yaktaur (Depths:1)
  A killer bee (D:12)
  An orc priest (Orc:2)
  2 kobolds (D:12)
7 creatures vanquished.

Vanquished Creatures (others)
  Nessos (D:15)
  An ettin (Depths:1)
  A thrashing horror (Abyss:3)
  2 orc sorcerers (Orc:2)
  A killer bee (shapeshifter) (Depths:1)
  An orc priest (Orc:2)
7 creatures vanquished.

Grand Total: 571 creatures vanquished

Notes
Turn   | Place    | Note
-------+----------+-------------------------------------------
     0 | D:1      | Amnesiac the Spriggan Wanderer began the quest for the Orb.
     0 | D:1      | Amnesiac set off with: a +2 shortbow, 26 arrows, a potion of lignification {!q}, a +0 robe, a ration
     0 | D:1      | Reached XP level 1. HP: 10/10 MP: 3/3
   269 | D:1      | Reached skill level 1 in Stealth
   276 | D:1      | Reached XP level 2. HP: 13/14 MP: 4/4
   379 | D:1      | Reached skill level 1 in Spellcasting
   383 | D:1      | Reached skill level 5 in Dodging
  1203 | D:2      | Learned a level 2 spell: Blink
  1658 | D:3      | Reached XP level 3. HP: 18/18 MP: 5/5
  1781 | D:3      | Found a transporter.
  2056 | D:3      | Reached XP level 4. HP: 22/22 MP: 7/7
  2163 | D:3      | Found an opulent altar of Gozag.
  2163 | D:3      | Found a sparkling altar of Nemelex Xobeh.
  2169 | D:3      | Became a worshipper of Gozag Ym Sagoz the Greedy
  2377 | D:3      | Found a transporter.
  2996 | D:3      | Reached skill level 2 in Evocations
  2996 | D:3      | Reached XP level 5. HP: 9/25 MP: 9/9
  3383 | D:4      | Reached skill level 3 in Evocations
  3633 | D:4      | Reached XP level 6. HP: 30/30 MP: 11/11
  3671 | D:4      | Reached skill level 4 in Evocations
  3681 | D:4      | Found a shadowy altar of Dithmenos.
  3715 | D:4      | Noticed Edmund
  3806 | D:4      | Killed Edmund
  3806 | D:4      | Reached skill level 5 in Evocations
  3880 | D:4      | Got a pitted hat
  3908 | D:4      | Reached skill level 6 in Evocations
  4049 | D:4      | Reached skill level 7 in Evocations
  4049 | D:4      | Reached XP level 7. HP: 33/33 MP: 11/13
  4609 | D:5      | Entered Level 5 of the Dungeon
  4671 | D:5      | Reached skill level 8 in Evocations
  4779 | D:5      | Found a stormy altar of Qazlal.
  4959 | D:5      | Reached XP level 8. HP: 37/37 MP: 15/15
  5186 | D:5      | Reached skill level 5 in Throwing
  5292 | D:5      | Found Ejoggaocko's General Store.
  5872 | D:6      | Found a basalt altar of Yredelemnul.
  5958 | D:6      | Noticed Menkaure
  5961 | D:6      | Killed Menkaure
  6072 | D:6      | Found a staircase to the Ecumenical Temple.
  6305 | D:6      | Noticed a moth of wrath
  6317 | D:6      | Found a bloodstained altar of Trog.
  6442 | D:6      | Learned a level 1 spell: Confusing Touch
  6737 | D:6      | Reached XP level 9. HP: 14/41 MP: 16/16
  6967 | D:6      | Found an ancient bone altar of Kikubaaqudgha.
  7106 | D:6      | Reached skill level 1 in Short Blades
  7424 | D:6      | Found Seufom's Antique Armour Shop.
  7643 | D:7      | HP: 1/41 [phantom (8)]
  7941 | D:6      | Learned a level 3 spell: Conjure Flame
  7945 | D:6      | Learned a level 3 spell: Mephitic Cloud
  7948 | D:6      | Learned a level 2 spell: Call Imp
  7970 | D:7      | Found a basalt altar of Yredelemnul.
  8175 | D:7      | Reached skill level 5 in Stealth
  8254 | D:7      | Found a shimmering altar of Xom.
  8417 | D:7      | Reached skill level 5 in Spellcasting
  8682 | D:7      | Found an iron altar of Okawaru.
  8899 | D:7      | Found a blossoming altar of Fedhas.
  9376 | D:8      | Found a snail-covered altar of Cheibriados.
  9529 | D:8      | Identified the +1 hat "Dokefes" {MR- Regen+ Slay+2} (You found it on level 4 of the Dungeon)
  9616 | D:8      | Noticed Grum
  9698 | D:8      | Reached XP level 10. HP: 46/46 MP: 22/22
  9869 | Temple   | Entered the Ecumenical Temple
 10085 | D:8      | Learned a level 2 spell: Passwall
 10378 | D:8      | Found Lifobb's Book Shoppe.
 10506 | D:9      | Found Moten's Changing Room.
 10603 | D:9      | Found a staircase to the Lair.
 10603 | D:9      | Noticed an elephant
 10741 | D:9      | Reached skill level 5 in Short Blades
 10922 | D:9      | Found a flagged portal.
 11028 | D:9      | Killed an elephant
 11077 | Bailey   | Entered a bailey
 11109 | Bailey   | Noticed an orc knight
 11123 | Bailey   | Noticed an orc knight
 11126 | Bailey   | Noticed an orc knight
 11193 | Bailey   | Killed an orc knight
 11391 | Bailey   | Killed an orc knight
 11668 | Bailey   | Killed an orc knight
 12093 | D:9      | Found a burning altar of Makhleb.
 12140 | D:9      | Reached XP level 11. HP: 44/54 MP: 24/24
 12166 | D:9      | Reached skill level 9 in Evocations
 12268 | D:9      | Found a hazy altar of Hepliaklqana.
 12606 | D:10     | Entered Level 10 of the Dungeon
 13383 | D:11     | Reached skill level 10 in Evocations
 13395 | D:11     | Reached skill level 5 in Fighting
 13651 | D:11     | Noticed a sun demon
 14251 | D:11     | Found a roughly hewn altar of Beogh.
 14331 | D:11     | Noticed an orc knight
 14417 | D:11     | Killed an orc knight
 14499 | D:11     | Found a staircase to the Orcish Mines.
 14634 | D:11     | Noticed a green ugly thing
 14684 | D:11     | Killed a green ugly thing
 14684 | D:11     | Reached skill level 10 in Dodging
 14684 | D:11     | Reached skill level 11 in Evocations
 14780 | D:11     | Noticed a two-headed ogre
 14821 | D:11     | Killed a two-headed ogre
 15230 | Orc:1    | Entered Level 1 of the Orcish Mines
 15230 | Orc:1    | Noticed an orc knight
 15230 | Orc:1    | Noticed an orc sorcerer
 15252 | D:11     | Killed an orc sorcerer
 15332 | Orc:1    | Noticed Erica
 15375 | Orc:2    | Entered Level 2 of the Orcish Mines
 15573 | Orc:1    | Killed Erica
 15774 | Orc:1    | Killed an orc knight
 15774 | Orc:1    | Reached skill level 12 in Evocations
 16308 | Orc:2    | Reached XP level 12. HP: 60/60 MP: 26/26
 16477 | Orc:2    | Found a staircase to the Elven Halls.
 17057 | Orc:2    | Noticed an orc high priest
 17069 | Orc:2    | Killed an orc high priest
 17114 | Orc:2    | Noticed an orc high priest
 17136 | Orc:2    | Noticed an orc high priest
 17142 | Orc:2    | Killed an orc high priest
 17142 | Orc:2    | Reached skill level 10 in Spellcasting
 17172 | Orc:2    | Killed an orc high priest
 17501 | Orc:2    | Found Samuy's Antique Weapon Shoppe.
 17546 | Orc:2    | Found Gukkycw's Armour Shoppe.
 17567 | Orc:2    | Found Neshros's Distillery.
 17574 | Orc:2    | Found Rizismu's General Store.
 18040 | Orc:1    | Found a roughly hewn altar of Beogh.
 18224 | D:11     | Reached skill level 10 in Throwing
 18488 | D:12     | Learned a level 1 spell: Apportation
 18655 | D:12     | Noticed a two-headed ogre
 18738 | D:12     | Killed a two-headed ogre
 19795 | D:13     | Reached XP level 13. HP: 65/65 MP: 26/28
 19803 | D:13     | Reached skill level 10 in Short Blades
 19855 | D:13     | Reached skill level 10 in Stealth
 21563 | D:13     | Reached skill level 13 in Evocations
 22159 | D:14     | Reached skill level 14 in Evocations
 22517 | D:14     | Found a gate to the Vaults.
 22868 | D:14     | Reached skill level 15 in Evocations
 23084 | D:14     | Identified a scroll of acquirement {!r}
 23375 | D:15     | Entered Level 15 of the Dungeon
 23484 | D:15     | Noticed Nessos
 23502 | D:15     | Your ally died
 23675 | D:15     | Found Zumif's Assorted Antiques.
 23683 | D:15     | Bought 2 scrolls labeled JUNKER EXUESTRA for 70 gold pieces
 23683 | D:15     | Bought a scroll labeled CYNWOX WOFIW for 35 gold pieces
 24143 | D:15     | Reached skill level 16 in Evocations
 24171 | D:15     | Reached XP level 14. HP: 29/70 MP: 31/31
 24388 | D:15     | Found Naurun's Magic Scroll Shoppe.
 24406 | D:15     | Bought a scroll of noise for 17 gold pieces
 24507 | D:15     | Found a staircase to the Depths.
 24625 | Depths:1 | Entered Level 1 of the Depths
 24625 | Depths:1 | Noticed a stone giant
 24655 | Depths:1 | Noticed a fire giant
 24655 | Depths:1 | Noticed a stone giant
 24655 | Depths:1 | Noticed a stone giant
 24743 | Depths:1 | Noticed a stone giant
 24757 | Depths:1 | Noticed a stone giant
 24758 | Depths:1 | Noticed a stone giant
 24778 | Depths:1 | Killed a stone giant
 24778 | Depths:1 | Reached skill level 17 in Evocations
 24794 | Depths:1 | Killed a stone giant
 24847 | Depths:1 | Found a one-way gate to the infinite horrors of the Abyss.
 24908 | Depths:1 | Voluntarily entered the Abyss.
 25005 | Abyss:2  | Noticed a cacodemon
 25177 | Abyss:2  | Noticed a black draconian shifter
 25557 | Abyss:3  | Noticed a tentacled starspawn
 25581 | Abyss:3  | Noticed a tentacled starspawn
 25590 | Abyss:3  | Noticed a starcursed mass
 25893 | Abyss:4  | Noticed a starcursed mass
 25918 | Abyss:4  | Got an abyssal rune of Zot
 25918 | Abyss:4  | HP: 3/70 [merfolk impaler/vampiric trident (16)]
 26135 | Depths:1 | Escaped the Abyss
 26135 | Depths:1 | Hit by a large rock thrown by a stone giant

Vault maps used:
D:1:      minmay_arrival_nine_rooms
D:3:      gammafunk_steamed_eel, grunt_temple_overflow_opulence
D:4:      first_ration, nicolae_dithmenos_through_a_glass_darkly, uniq_edmund
D:5:      overflow_temple_1_default, serial_shops, kennysheep_mini_moat
D:6:      nicolae_overflow_crystal_walls, tgw_trog, minmay_temple_entry_trees,
          serial_shops, kennysheep_little_box, basic_altar,
          minmay_misc_feat_more_columns, uniq_menkaure
D:7:      old_standard_altar, fedhas_altar_fruit_tree, okawaru_humans,
          xom_butterflies, grunt_ogre_cave
D:8:      slow_altar_1, serial_shops, shop, uniq_grum
D:9:      marbit_many_paths, lemuel_crystal_altar, david_lair_generic,
          enter_bailey_3, nicolae_transmutations_shop
D:10:     serial_glass, glass_columns_a, glass_columns_c
D:11:     david_orc_5
D:14:     grunt_vaults_entry_fortified, minmay_misc_feat_ornament,
          statue_in_the_mist_lemuel
D:15:     grunt_enter_depths_hoard, serial_shops, shop, shop_fountains,
          bh_walls_and_bars, corexii_leaking_fountain, uniq_nessos
Temple:   jpeg_temple_alley_garden
Orc:1:    basic_altar, uniq_erica
Orc:2:    st_orc_elflike, nicolae_orc_tapped_out
Depths:1: enter_ziggurat_c, abyss_entry_small_statue_room, lightli_too_deep,
          kennysheep_generic_room_5
Abyss:3:  evilmike_abyss_rune_siren_acolytes, hangedman_eye_storm
Abyss:4:  evilmike_abyss_exit_13, minivault_19
Bailey:   bailey_axe_4, bailey

Skill      XL: |  1  2  3  4  5  6  7  8  9 10 11 12 13 14 |
---------------+-------------------------------------------+-----
Stealth        | 1 2 3 7 8 9 10 | 10.0
Spellcasting   | 1 2 3 7 8 9 10 12 | 12.0
Dodging        | 5 6 8 11 12 | 12.1
Throwing       | 2 3 4 8 10 | 10.1
Evocations     | 2 3 7 8 12 16 17 | 17.9
Short Blades   | 4 8 9 10 | 10.0
Fighting       | 4 5 6 |  6.0
Bows           | 2 |  2.0
Crossbows      | |  2.0
Translocations | |  0.6

Action                   |  1- 3 |  4- 6 |  7- 9 | 10-12 | 13-15 || total
-------------------------+-------+-------+-------+-------+-------++-------
Melee: Dagger            |       |       |    11 |   390 |   751 ||  1152
       Unarmed           |       |       |     2 |    17 |   125 ||   144
       Hunting sling     |       |       |     1 |     2 |       ||     3
       Short sword       |       |       |       |   238 |       ||   238
 Fire: Shortbow          |    86 |    96 |    10 |       |       ||   192
       Hunting sling     |       |       |   604 |   794 |       ||  1398
       Blowgun           |       |       |       |   102 |    14 ||   116
Throw: Stone             |       |       |     3 |       |       ||     3
       Tomahawk          |       |       |       |    47 |       ||    47
       Throwing net      |       |       |       |     3 |       ||     3
 Cast: Confusing Touch   |       |       |     2 |     7 |    73 ||    82
       Passwall          |       |       |       |     1 |    15 ||    16
       Conjure Flame     |       |       |       |     4 |     1 ||     5
       Mephitic Cloud    |       |       |       |     3 |    17 ||    20
       Apportation       |       |       |       |       |     5 ||     5
       Blink             |       |       |       |       |     1 ||     1
Invok: Potion Petition   |       |       |       |     1 |     2 ||     3
 Abil: Evoke Flight      |       |       |       |     3 |       ||     3
Evoke: Wand              |       |    13 |     5 |    59 |    25 ||   102
       Phial of floods   |       |       |       |       |     1 ||     1
  Use: Scroll            |       |       |       |    18 |    13 ||    31
       Potion            |       |       |       |     6 |     5 ||    11
 Stab: Distracted        |       |       |       |     5 |     9 ||    14
       Paralysed         |       |       |       |     7 |       ||     7
       Sleeping          |       |       |       |     1 |     9 ||    10
       Confused          |       |       |       |    12 |    69 ||    81
       Betrayed ally     |       |       |       |     1 |       ||     1
  Eat: Ration            |       |       |     4 |     6 |     4 ||    14
Armor: Robe              |     4 |     4 |    13 |    33 |    44 ||    98
       Skin              |       |       |       |    52 |       ||    52
Dodge: Dodged            |    24 |    29 |   149 |   689 |   544 ||  1435

Table legend:
 A = Spawn XP
 B = Non-spawn XP
 C = Spawn XP percentage of total XP
 D = Spawn monster count
 E = Non-spawn monster count
 F = Spawn count percentage of total count
 G = Total turns spent on level
                    A         B        C        D         E        F      G
               +---------+---------+-------+---------+---------+-------+---------
         Total |    2993 |   75822 |   3.8 |       8 |     556 |   1.4 | 26135
               +---------+---------+-------+---------+---------+-------+---------
           D:1 |       0 |      28 |   0.0 |       0 |      17 |   0.0 |  1106
           D:2 |       0 |      11 |   0.0 |       0 |       5 |   0.0 |   567
           D:3 |       0 |     267 |   0.0 |       0 |      24 |   0.0 |  1632
           D:4 |       0 |     686 |   0.0 |       0 |      15 |   0.0 |  1304
           D:5 |       0 |     789 |   0.0 |       0 |      40 |   0.0 |  1238
           D:6 |       0 |    1351 |   0.0 |       0 |      32 |   0.0 |  2141
           D:7 |       0 |    1845 |   0.0 |       0 |      29 |   0.0 |  1521
           D:8 |       0 |     824 |   0.0 |       0 |      22 |   0.0 |   915
           D:9 |       0 |    3993 |   0.0 |       0 |      37 |   0.0 |  1312
          D:10 |       0 |    1631 |   0.0 |       0 |      16 |   0.0 |   631
          D:11 |       0 |    6763 |   0.0 |       0 |      75 |   0.0 |  2454
          D:12 |       0 |    5232 |   0.0 |       0 |      38 |   0.0 |  1358
          D:13 |       0 |    7802 |   0.0 |       0 |      39 |   0.0 |  1641
          D:14 |       0 |   14583 |   0.0 |       0 |      39 |   0.0 |  1939
          D:15 |       0 |    8922 |   0.0 |       0 |      27 |   0.0 |  1250
         Orc:1 |       0 |    2204 |   0.0 |       0 |      14 |   0.0 |   691
         Orc:2 |       0 |    9440 |   0.0 |       0 |      46 |   0.0 |  2055
      Depths:1 |       0 |    6684 |   0.0 |       0 |       8 |   0.0 |   283
       Abyss:2 |    1485 |      61 |  96.1 |       4 |       1 |  80.0 |   442
       Abyss:3 |    1321 |     281 |  82.5 |       3 |       3 |  50.0 |   454
       Abyss:4 |     187 |     334 |  35.9 |       1 |       2 |  33.3 |   288
        Bailey |       0 |    2091 |   0.0 |       0 |      27 |   0.0 |   791
               +---------+---------+-------+---------+---------+-------+---------
